 Dungeon Crawl Stone Soup version 0.18.1-48-g4cf74bf (webtiles) character file.

2883 OTRawrior the Thaumaturge (level 9, -7/47 HPs)
             Began as a Gargoyle Earth Elementalist on Sept 4, 2016.
             Was a Follower of Vehumet.
             Engulfed by a cloud of flame (10 damage)
             ... on level 8 of the Dungeon.
             The game lasted 00:22:42 (9623 turns).

OTRawrior the Thaumaturge (GrEE)                    Turns: 9623, Time: 00:22:43

Health: -7/47      AC:  6    Str: 16      XL:     9   Next: 76%
Magic:  3/31       EV: 12    Int: 19      God:    Vehumet [*.....]
Gold:   389        SH:  0    Dex:  7 (10) Spells: 3 memorised, 18 levels left

rFire  + . .     SeeInvis .     I - +2 whip (flame)
rCold  . . .     Gourm    .     y - +0 robe of the Chupacabra {*Corrode rElec rF+ Str+4}
rNeg   + . .     Faith    .     (no shield)
rPois  ∞         Spirit   .     L - +0 helmet
rElec  +         Dismiss  .     (no cloak)
rCorr  .         Reflect  .     (no gloves)
SustAt .         Harm     .     E - +1 pair of boots
MR     .....                    (no amulet)
Stlth  ++........               (no ring)
                                G - ring of magical power

@: vulnerable, corroded, not resistant to hostile enchantments, unstealthy
A: negative energy resistance 1, electricity resistance, unbreathing,
petrification resistance, rot immunity, AC +5
a: Renounce Religion


You were on level 8 of the Dungeon.
You worshipped Vehumet.
Vehumet was aware of your devotion.
You were hungry.

You visited 2 branches of the dungeon, and saw 9 of its levels.
You also visited: Sewer.

You collected 389 gold pieces.

Inventory:

Hand Weapons
 p - a +0 flail
 s - a +1 short sword of electrocution
 A - a +0 dagger of venom
 I - a +2 whip of flaming (weapon)
Missiles
 b - 104 stones (quivered)
Armour
 a - a +0 robe
 y - the +0 robe of the Chupacabra (worn) {*Corrode rElec rF+ Str+4}
   (You found it on level 4 of the Dungeon)

   It affects your strength (+4).
   It protects you from fire.
   It insulates you from electricity.
   It may corrode you when you take damage.
 E - a +1 pair of boots (worn)
 L - a +0 helmet (worn)
Jewellery
 u - an uncursed ring of ice
 G - a ring of magical power (left hand)
Wands
 f - a wand of slowing (25/48)
 F - a wand of teleportation (2/9)
Scrolls
 m - 3 scrolls of identify
 n - 3 scrolls of enchant weapon
 o - 2 scrolls of magic mapping
 w - 2 scrolls of immolation
 x - a scroll of fear
 B - 2 scrolls of remove curse
Potions
 e - a potion of resistance {unknown}
 g - 3 potions of lignification {unknown}
 h - 2 potions of haste {unknown}
 i - 5 potions of heal wounds {unknown}
 k - 3 potions of degeneration
 q - 7 potions of flight {unknown}
 r - a potion of mutation {unknown}
 t - 8 potions of curing {unknown}
 v - 4 potions of might {unknown}
 H - 2 potions of agility {unknown}
 M - a potion of beneficial mutation {unknown}
Books
 c - a book of Geomancy

   Spells                             Type                      Level
   a - Sandblast                      Earth                        1
   b - Passwall                       Transmutation/Earth          2
   c - Stone Arrow                    Conjuration/Earth            3
   d - Petrify                        Transmutation/Earth          4
   e - Lee's Rapid Deconstruction     Earth                        5
 K - a book of Debilitation

   Spells                             Type                      Level
   a - Corona                         Hexes                        1
   b - Slow                           Hexes                        2
   c - Gell's Gravitas                Hexes/Translocation          3
   d - Inner Flame                    Hexes/Fire                   3
   e - Cause Fear                     Hexes                        4
   f - Leda's Liquefaction            Hexes/Earth                  4
Comestibles
 d - 7 bread rations
 j - a royal jelly
 l - 5 fruits
 z - a meat ration
 D - a beef jerky


   Skills:
 + Level 1.4 Fighting
 + Level 1.4 Maces & Flails
 + Level 1.5 Armour
 + Level 2.1 Dodging
 - Level 2.1 Stealth
 * Level 9.5 Spellcasting
 + Level 1.4 Conjurations
   Level 0.7 Transmutations
 + Level 9.3 Earth Magic
 + Level 1.2 Evocations


You had 18 spell levels left.
You knew the following spells:

 Your Spells              Type           Power        Failure   Level  Hunger
a - Sandblast             Erth           #####.       1%          1    None
b - Stone Arrow           Conj/Erth      ####..       2%          3    None
c - Lee's Rapid Deconstr  Erth           #####.....   6%          5    #####..


Dungeon Overview and Level Annotations

Branches:
Dungeon (8/15)             Temple (1/1) D:6
   Lair: D:8-11

Altars:
Ashenzari
Dithmenos
Elyvilon
Fedhas
Gozag
Kikubaaqudgha
Nemelex Xobeh
Okawaru
Qazlal
Ru
Sif Muna
Trog
Vehumet
Xom
Yredelemnul
Zin
The Shining One

Shops:
D:4 %


Innate Abilities, Weirdness & Mutations

You are resistant to torment.
Your stone body is resilient (AC +5).
You are immune to poison.
You resist negative energy.
You are resistant to electric shocks.
You can survive without breathing.
You are immune to petrification.
You are immune to rotting.


Message History

The quasit barely misses you.
The quasit claws you but does no damage.
You miss the quasit.
The quasit is severely wounded.
The quasit bites you but does no damage.
The quasit claws you but does no damage. x2
The quasit barely misses you. The quasit claws you.
Your corrosive artefact corrodes you!
The quasit barely misses you.
Casting: Sandblast
Confirm with . or Enter, or press ? or * to list all spells.
Aiming: Sandblast
Press: ? - help, Shift-Dir - straight line, f - quasit
Aim: a quasit (severely wounded, susceptible to magic, inner flame)
The blast of sand hits the quasit.
The quasit explodes!
The fiery explosion engulfs you! You resist.
* * * LOW HITPOINT WARNING * * *
Vehumet accepts your kill.
You are engulfed in roaring flames.
You resist.
You die...

O###..#.#######....#.....PP...
......!.#.............PPPPPP.P
#......#.##########..PPP.####
#...........## #....P..# +
#......#......# #...P...# #
#.....#.#...##.# #.....PP####
#.### #.#..... # #....P.†.PP.
#.#..########..[.......P
#†...§†@....#.##....P.P.
#.#.#######/#. ##..P...P
...#.# #. ###..... .....#.#
###.## ......(..# #..
.#........ #### ..#%..#...
..#.#....%. # ##.##


There were no monsters in sight!

Vanquished Creatures
  Pikel (D:6)
  Prince Ribbit (D:8)
  Grinder (D:5)
  A wyvern (D:8)
  Menkaure (D:4)
  2 sky beasts
  3 slaves (D:6)
  2 phantoms
  An ogre (D:3)
  2 centaurs
  3 big kobolds (Sewer)
  A giant frog (D:3)
  2 scorpions
  A wight (D:6)
  A crimson imp (D:6)
  A giant frog zombie (D:5)
  2 quasits
  2 orc priests
  A centaur skeleton (D:5)
  2 hounds
  A giant frog skeleton (D:4)
  An iguana (D:6)
  3 orc wizards
  2 worker ants (D:5)
  2 hound zombies (D:3)
  A hound skeleton (D:3)
  A howler monkey zombie (D:3)
  3 gnolls (D:3)
  6 adders
  A river rat (D:8)
  3 oozes
  An adder zombie (D:3)
  An adder skeleton (D:3)
  A dart slug (D:4)
  4 giant geckos
  25 orcs
  5 ball pythons
  8 giant cockroaches
  6 goblins
  11 hobgoblins
  8 jackals
  4 quokkas
  A ball python skeleton (D:6)
  A ball python zombie (D:3)
  23 bats
  2 giant cockroach zombies (D:3)
  A giant gecko zombie (D:3)
  7 giant newts
  2 jackal skeletons
  23 kobolds
  A quokka skeleton (D:3)
  23 rats
213 creatures vanquished.

Vanquished Creatures (others)
  A slave (D:6)
1 creature vanquished.

Grand Total: 214 creatures vanquished

Notes
Turn   | Place    | Note
--------------------------------------------------------------
     0 | D:1      | OTRawrior the Gargoyle Earth Elementalist began the quest for the Orb.
     0 | D:1      | Reached XP level 1. HP: 10/10 MP: 3/3
   361 | D:1      | Reached XP level 2. HP: 14/15 MP: 0/5
   938 | D:1      | Reached XP level 3. HP: 19/19 MP: 5/7
   943 | D:1      | Learned a level 3 spell: Stone Arrow
  1407 | D:2      | Found a glowing golden altar of the Shining One.
  1512 | D:2      | Found a shadowy altar of Dithmenos.
  1908 | D:2      | Found a glowing silver altar of Zin.
  2186 | D:2      | Reached XP level 4. HP: 24/24 MP: 6/8
  2485 | D:2      | Found an opulent altar of Gozag.
  2626 | D:3      | Reached XP level 5. HP: 14/28 MP: 0/10
  2806 | D:3      | Learned a level 5 spell: Lee's Rapid Deconstruction
  2907 | D:3      | Reached skill level 5 in Earth Magic
  3553 | D:3      | Reached XP level 6. HP: 32/32 MP: 10/13
  3666 | D:3      | Reached skill level 5 in Spellcasting
  4018 | D:4      | Found Obaicky's Food Boutique.
  4128 | D:4      | Noticed a phantom
  4141 | D:4      | Killed a phantom
  4141 | D:4      | Reached XP level 7. HP: 36/36 MP: 1/15
  4302 | D:4      | Got a faintly glowing robe
  4313 | D:4      | Identified the +0 robe of the Chupacabra {*Corrode rElec rF+ Str+4} (You found it on level 4 of the Dungeon)
  4664 | D:4      | Noticed Menkaure
  4740 | D:4      | Killed Menkaure
  5320 | D:5      | Entered Level 5 of the Dungeon
  5339 | D:5      | Found a white marble altar of Elyvilon.
  5372 | D:5      | Found a shimmering altar of Xom.
  5454 | D:5      | Reached XP level 8. HP: 40/41 MP: 4/18
  5562 | D:5      | Noticed Grinder
  5579 | D:5      | Killed Grinder
  6248 | D:5      | Found a shattered altar of Ashenzari.
  6724 | D:6      | Found a glowing drain.
  6730 | Sewer    | Entered a sewer
  7258 | D:6      | Found a staircase to the Ecumenical Temple.
  7264 | Temple   | Entered the Ecumenical Temple
  7510 | Temple   | Became a worshipper of Vehumet
  7561 | D:6      | Noticed Pikel
  7581 | D:6      | Killed Pikel
  7581 | D:6      | Reached XP level 9. HP: 20/45 MP: 13/22
  9557 | D:8      | Reached * piety under Vehumet
  9557 | D:8      | Offered knowledge of Sting by Vehumet.
  9580 | D:8      | Noticed Prince Ribbit
  9580 | D:8      | Reached skill level 1 in Armour
  9582 | D:8      | Reached skill level 1 in Fighting
  9582 | D:8      | Reached skill level 1 in Maces & Flails
  9582 | D:8      | Reached skill level 1 in Conjurations
  9582 | D:8      | Reached skill level 1 in Evocations
  9583 | D:8      | Killed Prince Ribbit
  9623 | D:8      | Engulfed by a cloud of flame

Skill      XL: |  1  2  3  4  5  6  7  8  9 |
---------------+----------------------------+-----
Earth Magic    | 4 5 6 7 8 9 |  9.3
Spellcasting   | 3 4 5 6 9 |  9.5
Armour         | 1 |  1.5
Fighting       | 1 |  1.4
Maces & Flails | 1 |  1.4
Conjurations   | 1 |  1.4
Evocations     | 1 |  1.2
Dodging        | 2 |  2.1
Stealth        | |  2.1
Transmutations | |  0.7

Action                   |  1- 3 |  4- 6 |  7- 9 || total
-------------------------+-------+-------+-------++-------
Melee: Unarmed           |     4 |       |       ||     4
       Dagger            |    18 |     3 |       ||    21
       Mace              |    23 |       |       ||    23
       Short sword       |    22 |    39 |       ||    61
       Flail             |       |       |    10 ||    10
       Whip              |       |       |   106 ||   106
 Cast: Sandblast         |    42 |    90 |   148 ||   280
       Stone Arrow       |       |     5 |    29 ||    34
       Lee's Rapid Decon |       |       |     3 ||     3
  Use: Scroll            |       |     8 |     6 ||    14
 Stab: Sleeping          |     5 |       |     1 ||     6
  Eat: Chunk             |     4 |     6 |    18 ||    28
Armor: Robe              |    39 |    34 |   118 ||   191
Dodge: Dodged            |    57 |    52 |   193 ||   302
